Map: Blueshift LE

Players

INject - Winner!

  • Race: Terran Terran
  • League: Platinum
  • Spawn Location: 1:00

A.I. 1 (Medium)

  • Race: Protoss Protoss
  • Spawn Location: 7:00

VOD

Have the link to the VOD?

Description

Time

  • Played on: Aug. 17, 2018, 10:31 p.m.
  • Length: 11:15
Show
View Real Time Build Order
Export as new Build Order

INject Terran - Winner!

Build Orders: MMM Bio 

Get SALT Encoding   

  12  0:00  SCV  
  13  0:13  SCV  
  14  0:18  Supply Depot  
  14  0:25  SCV  
  15  0:40  SCV  
  15  0:42  Barracks  
  16  0:47  Refinery  
  16  0:52  SCV  
  17  1:04  SCV  
  18  1:16  SCV  
  19  1:28  Orbital Command  
  19  1:29  Marine  
  20  1:45  Command Center  
  20  1:55  SCV  
  21  2:03  Factory  
  21  2:07  SCV  
  22  2:10  Supply Depot  
  22  2:11  Barracks Reactor  
  22  2:17  Refinery  
  22  2:19  SCV  
  23  2:32  SCV  
  24  2:44  SCV  
  25  2:48  Starport  
  25  2:56  SCV  
  30  2:58  Hellion x2, Marine  
  30  3:04  Orbital Command  
  31  3:08  SCV  
  32  3:18  Barracks Tech Lab  
  36  3:20  SCV, Widow Mine x2  
  36  3:25  Medivac  
  39  3:31  Supply Depot  
  39  3:32  SCV  
  40  3:34  SCV  
  41  3:44  SCV  
  41  3:45  Barracks  
  41  3:46  SCV  
  43  3:51  Marine x2  
  45  3:56  SCV  
  45  3:58  SCV, Supply Depot  
  47  4:07  Starport Reactor  
  47  4:08  Factory Reactor, SCV  
  47  4:09  Marine x2  
  50  4:12  Engineering Bay  
  50  4:13  SCV  
  51  4:20  Supply Depot  
  51  4:21  SCV  
  52  4:25  SCV  
  52  4:26  Marine, Barracks  
  54  4:32  Marine  
  54  4:33  SCV  
  54  4:34  Stimpack, Marine  
  54  4:37  SCV  
  58  4:44  Marine, Supply Depot  
  58  4:45  SCV  
  60  4:50  Marine  
  60  4:52  SCV, Marine  
  60  4:55  Medivac x2  
  60  4:58  Terran Infantry Weapons Level 1  
  60  4:59  SCV  
  64  5:02  Marine  
  65  5:10  SCV, Marine  
  65  5:14  Command Center  
  65  5:18  Refinery  
  66  5:23  Factory Tech Lab  
  66  5:24  SCV  
  66  5:26  SCV  
  66  5:27  Engineering Bay  
  67  5:29  Armory  
  67  5:32  Marine  
  67  5:33  Marine x2  
  70  5:36  SCV, Supply Depot  
  70  5:38  Refinery  
  71  5:45  SCV, Marine  
  71  5:48  SCV  
  74  5:55  Terran Infantry Armor Level 1  
  74  5:56  Medivac  
  76  5:57  SCV  
  76  5:58  Marine x2  
  76  6:00  SCV, Supply Depot  
  80  6:04  Supply Depot  
  80  6:06  Marine x2  
  80  6:09  SCV  
  80  6:11  Marine  
  83  6:14  Supply Depot  
  83  6:16  Marine  
  85  6:18  Barracks  
  85  6:20  SCV  
  85  6:21  Siege Tank  
  85  6:25  Supply Depot  
  89  6:27  SCV  
  89  6:28  Orbital Command  
  90  6:35  SCV  
  86  6:47  SCV, Marine  
  86  6:48  Marine  
  86  6:52  SCV  
  59  6:54  Medivac x2  
  90  6:55  Siege Tank  
  90  6:57  Terran Infantry Weapons Level 2  
  90  6:59  SCV  
  99  7:04  SCV  
  99  7:08  Barracks  
  99  7:09  Orbital Command  
  99  7:12  Marine  
  99  7:13  Marauder, Marine x2  
  104  7:16  Barracks Tech Lab  
  104  7:20  SCV x2  
  106  7:23  Barracks  
  106  7:28  Siege Tank  
  109  7:32  SCV  
  110  7:37  Command Center  
  110  7:38  SCV  
  110  7:39  Supply Depot  
  110  7:41  Marine x2, Supply Depot  
  110  7:42  Combat Shields  
  110  7:43  Concussive Shells  
  113  7:44  Marine  
  113  7:45  Marauder  
  113  7:46  SCV  
  113  7:47  Liberator  
  113  7:49  SCV  
  113  7:50  Refinery  
  118  7:54  SCV  
  118  7:55  Sensor Tower  
  118  7:58  SCV  
  120  8:00  Marine  
  120  8:01  Marauder, Marine x2  
  120  8:02  SCV  
  129  8:06  SCV  
  129  8:14  SCV, Marine x3  
  129  8:15  Marauder  
  129  8:17  SCV  
  129  8:18  SCV  
  137  8:21  Refinery  
  137  8:24  Marauder, Marine x2  
  137  8:26  SCV  
  142  8:30  Marine, Supply Depot x2  
  142  8:32  Marine  
  142  8:34  Barracks Reactor  
  144  8:36  Barracks Reactor  
  144  8:39  Medivac, Marine  
  147  8:41  Marine  
  147  8:43  Starport  
  148  8:48  Medivac  
  148  8:49  Marauder  
  148  8:51  Supply Depot  
  148  8:52  SCV x2  
  148  8:53  Orbital Command  
  148  8:54  Liberator  
  154  9:01  Liberator  
  154  9:02  Marine x2  
  156  9:03  Command Center  
  156  9:04  Marine  
  156  9:05  Marauder, Marine  
  160  9:10  Marauder  
  160  9:15  Supply Depot  
  165  9:20  Marine x2  
  165  9:22  Marine  
  171  9:26  Orbital Command  
  171  9:30  SCV  
  172  9:37  Liberator  
  172  9:39  Supply Depot  
  172  9:40  Marine, Supply Depot  
  172  9:41  Marauder x2, Marine  
  172  9:43  Command Center  
  178  9:47  Command Center  
  178  9:48  Liberator  
  178  9:49  Marine x2  
  183  9:54  Starport Reactor  
  175  10:02  Marauder  
  175  10:04  SCV x2  
  182  10:16  Marauder, Marine x2  
  182  10:18  Marine  
  182  10:19  Marine  
  187  10:23  Marine x3  
  187  10:24  Marauder  
  192  10:29  Marine  
  192  10:33  Marine  
  192  10:34  Marine  
  194  10:36  Marine  
  194  10:37  Medivac  
  194  10:38  Marauder  
  194  10:39  Marine  
  194  10:41  Marine  
  200  11:14  Command Center  
Show
View Real Time Build Order
Export as new Build Order

A.I. 1 (Medium) Protoss 

Build Orders: 1 Gate Expand 

Get SALT Encoding   

  12  0:00  Probe  
  13  0:13  Probe  
  14  0:18  Pylon  
  14  0:25  Probe  
  15  0:33  Probe  
  15  0:39  Gateway  
  15  0:41  Probe  
  17  1:08  Probe  
  17  1:09  Nexus  
  18  1:27  Zealot  
  18  1:28  Pylon  
  18  1:29  Assimilator  
  20  1:41  Probe  
  20  1:42  Cybernetics Core  
  21  1:52  Probe  
  22  2:01  Probe  
  22  2:05  Gateway  
  23  2:13  Assimilator  
  23  2:20  Probe, Stalker, Pylon  
  26  2:30  Probe  
  27  2:41  Probe  
  28  2:46  Adept  
  28  2:47  Warp Gate  
  28  2:50  Adept  
  32  3:06  Assimilator  
  32  3:07  Stalker  
  34  3:28  Assimilator  
  34  3:31  Probe  
  34  3:34  Probe  
  36  3:39  Adept  
  38  3:41  Robotics Facility  
  38  3:43  Probe  
  39  3:53  Probe  
  40  3:57  Probe  
  40  4:01  Probe  
  41  4:09  Probe x2  
  44  4:18  Pylon  
  44  4:19  Probe  
  44  4:21  Probe  
  46  4:27  Probe  
  46  4:28  Immortal  
  51  4:33  Probe  
  51  4:35  Probe  
  53  4:46  Probe  
  53  4:50  Pylon  
  53  4:52  Probe, Zealot  
  56  4:56  Probe  
  56  5:04  Probe  
  56  5:05  Probe  
  48  5:08  Observer  
  50  5:14  Probe  
  50  5:15  Stalker  
  50  5:16  Probe  
  54  5:28  Probe  
  55  5:29  Probe  
  56  5:39  Stalker  
  56  5:40  Probe  
  59  5:48  Probe  
  60  5:50  Pylon  
  60  5:52  Probe  
  61  5:59  Probe  
  61  6:03  Sentry  
  64  6:04  Probe  
  64  6:07  Probe  
  64  6:10  Observer  
  67  6:15  Probe  
  67  6:16  Probe, Pylon  
  68  6:24  Probe  
  69  6:28  Forge  
  69  6:29  Probe  
  69  6:31  Immortal  
  75  6:32  Probe  
  76  6:42  Probe  
  76  6:43  Probe, Pylon  
  68  6:54  Probe  
  69  6:55  Probe  
  70  7:02  Pylon  
  70  7:03  Photon Cannon  
  70  7:04  Probe  
  70  7:06  Probe, Photon Cannon  
  70  7:08  Pylon  
  72  7:10  Immortal  
  72  7:14  Probe  
  76  7:17  Stargate  
  76  7:18  Probe  
  78  7:25  Probe  
  78  7:26  Probe  
  78  7:27  Twilight Council  
  79  7:34  Probe  
  79  7:35  Photon Cannon  
  80  7:37  Probe  
  82  7:44  Probe, Photon Cannon  
  82  7:49  Probe  
  84  7:54  Gateway  
  84  7:56  Probe  
  85  7:59  Forge  
  85  8:04  Probe  
  85  8:09  Probe  
  85  8:12  Probe  
  83  8:20  Probe  
  83  8:21  Probe  
  85  9:46  Warp Prism  
  85  9:52  Stalker  
  89  9:55  Gateway  
  89  9:57  Robotics Facility  
  89  9:59  Stargate  
  65  10:01  Stalker  
  65  10:03  Pylon, Nexus  
  65  10:06  Templar Archives  
  59  10:11  Stalker, Robotics Bay  
  59  10:12  Dark Shrine  
  59  10:13  Fleet Beacon  
  53  10:17  Warp Prism  
  53  10:20  Stalker  
  38  10:29  Stalker  
  40  10:39  Stalker  
  32  10:48  Sentry  
  13  10:57  Probe  
  13  10:58  Stalker  
  13  11:01  Pylon  
  5  11:07  Zealot  
Tags
 
Composition
MMM Bio
League
Platinum
Matchup
PvT
Spawn Locations
Cross Positions
Add a new tag
Caveats
  • Supply blocks, unpowered buildings, or Contaminate may cause inaccurate times.
  • Supply counts are checked every 10 seconds.